 Dungeon Crawl Stone Soup version 0.30-a0-867-g305f33218d (webtiles) character file.

Game seed: 15738954739388061816

34093 Grim the Fighter (level 13, -10/125 HPs)
             Began as a Minotaur Berserker on Mar 10, 2023.
             Was an Elder of Trog.
             Shot with an arrow by Nessos (12 damage)
             ... on level 14 of the Dungeon.
             The game lasted 00:26:26 (16737 turns).

Grim the Fighter (Minotaur Berserker)              Turns: 16737, Time: 00:26:26

Health: -10/125    AC: 18    Str: 23    XL:     13   Next: 40%
Magic:  12/12      EV: 12    Int: 10    God:    Trog [****..]
Gold:   1042       SH:  0    Dex: 12    Spells: 12/12 levels left

rFire   + . .      SeeInvis .    G - +3 battleaxe (venom)
rCold   . . .      Faith    .    (shield currently unavailable)
rNeg    + . .      Spirit   .    d - +2 ring mail {rF+}
rPois   .          Reflect  .    (helmet restricted)
rElec   .          Rampage  .    p - +0 cloak
rCorr   .                        T - +0 pair of gloves
Will    .....                    P - +0 pair of boots
Stlth   ++                       b - amulet of the acrobat
HPRegen 0.40/turn                B - ring of positive energy
MPRegen 0.13/turn                C - +4 ring of protection

@: lethally poisoned (-10 -> -46)
A: horns 2, retaliatory headbutt, fangs 1, thin skeletal structure 1, clever 1,
sturdy frame 1
a: Renounce Religion, Berserk, Trog's Hand, Brothers in Arms


You were on level 14 of the Dungeon.
You worshipped Trog.
Trog was greatly pleased with you.
You visited 1 branch of the dungeon, and saw 14 of its levels.

You collected 1042 gold pieces.

Inventory:

Hand Weapons
 a - a +0 hand axe
 G - a +3 battleaxe of venom (weapon)
 N - a +1 vampiric battleaxe
Missiles
 n - 49 poisoned darts
 I - 9 boomerangs
 J - 3 curare-tipped darts (quivered)
 K - 3 javelins
Armour
 d - a +2 ring mail of fire resistance (worn)
 p - a +0 cloak (worn)
 P - a +0 pair of boots (worn)
 Q - a +0 plate armour
 T - a +0 pair of gloves (worn)
Jewellery
 b - an amulet of the acrobat (around neck)
 B - a ring of positive energy (left hand)
 C - a +4 ring of protection (right hand)
 U - an amulet of regeneration
Wands
 k - a wand of roots (20)
 w - a wand of flame (7)
 O - a wand of light (5)
Scrolls
 c - a scroll of identify
 f - 4 scrolls of amnesia
 j - 3 scrolls of immolation
 l - 4 scrolls of teleportation
 o - 2 scrolls of magic mapping
 r - 2 scrolls of torment
 s - a scroll of silence
 y - 3 scrolls of vulnerability
 E - 3 scrolls of enchant armour
 H - 2 scrolls of noise
 L - a scroll of enchant weapon
 M - a scroll of fog
 R - a scroll of poison {unknown}
Potions
 e - 5 potions of heal wounds
 g - 5 potions of curing
 h - 2 potions of might
 i - a potion of ambrosia {unknown}
 m - 2 potions of degeneration {!q}
 q - 2 potions of cancellation {unknown}
 u - a potion of magic {unknown}
 v - a potion of lignification {unknown}
 x - a potion of attraction {unknown}
 z - 2 potions of brilliance
 A - 4 potions of mutation {!q}
 D - 2 potions of berserk rage
 F - 3 potions of flight
Miscellaneous
 S - a phial of floods


   Skills:
 - Level 14.9 Fighting
 - Level 14.1 Axes
 * Level 13.6 Armour
 - Level 2.1 Dodging
 + Level 10.8 Evocations


You had 12 spell levels left.
You didn't know any spells.
Your spell library was empty.

Dungeon Overview and Level Annotations

Branches:
Dungeon (14/15)            Temple (0/1) D:5            Lair (0/5) D:8
    Orc (0/2) D:11         Vaults (0/5) D:13

Altars:
Ashenzari
Uskayaw
The Shining One

Shops:
D:10 !   D:11 (

Annotations:
D:11 2 transporters, zx48k's ghost, journeyman GnFi
D:14 Nessos


Innate Abilities, Weirdness & Mutations

You have a pair of horns on your head.
You reflexively headbutt those who attack you in melee.
You have very sharp teeth.
You have a somewhat thin skeletal structure. (Dex +2, Stealth+)
Your mind is acute. (Int +4, Str/Dex -1)
Your movements are slightly less encumbered by armour. (ER -2)


Message History

You feel very sick. Nessos misses you. You furiously retaliate!
You headbutt Nessos. Nessos misses you.
Nessos casts a spell.
Nessos blinks!
You feel very sick.
Nessos drinks a potion.
Nessos is healed!
Nessos looks more healthy.
Nessos wields a +2 longbow of flaming.
It bursts into flame!
Nessos shoots an arrow.
The arrow barely misses you.
You feel very sick.
Nessos shoots an arrow.
The arrow closely misses you.
Nessos shoots an arrow.
The arrow hits you.
* * * LOW HITPOINT WARNING * * *
Aiming: Fastroot
Press: ? - help, Shift-Dir - straight line, f/p - Nessos
Aim: Nessos, wielding a +2 longbow of flaming and wearing a +0 barding (almost dead, fast)
The roots erupt in riotous growth!
Roots grab Nessos.
The grasping roots constrict Nessos!
You feel sick.
Nessos says, "Even if you were a mare, I'd kill you!"
Nessos shoots an arrow.
The arrow hits you.
* * * LOW HITPOINT WARNING * * *
The arrow burns you.
You are more poisoned.
* * * LOW HITPOINT WARNING * * *
Nessos escapes!
Throw: 4 darts (curare)
Press: ? - help, Q - select action, (/) - cycle Shift-Dir - straight line, f/p - Nessos
Aim: Nessos, wielding a +2 longbow of flaming and wearing a +0 barding (almost dead, fast, 75% to hit)
You throw a curare-tipped dart.
The curare-tipped dart closely misses Nessos.
* * * LOW HITPOINT WARNING * * *
You feel very sick.
Nessos shoots an arrow.
The arrow hits you!
* * * LOW HITPOINT WARNING * * *
The arrow burns you.
You are more poisoned.
* * * LOW HITPOINT WARNING * * *
Nessos shoots an arrow.
The arrow hits you!
You die...

..##...#...## #....~≈≈≈≈≈
.......#....####(...~~≈≈≈≈
...........<.......~≈≈≈≈≈≈
...................~≈≈≈≈≈≈
..###........).....†≈≈≈≈≈~
#####..............~≈≈≈≈≈≈
..###...)......[c..≈≈≈≈≈≈≈
............$......~≈≈≈≈≈≈
................@.~≈≈≈≈≈≈≈
......[......>....~≈≈≈≈≈≈#
..................~≈≈≈≈≈≈#
.##.......##......≈≈≈≈≈≈#
.##..#^.#..##.##.~~≈≈≈≈≈#
####.####.. #.#..~~≈≈≈≈≈ #
# .. .....≈≈≈≈≈≈# .#
..~≈≈≈≈≈# ## ...~≈≈≈≈##


You could see Nessos (fast).

Vanquished Creatures
  Snorg (D:12)
  8 vault guards (D:13)
  A hydra (D:13)
  2 centaur warriors (D:14)
  A boulder beetle (D:13)
  8 two-headed ogres
  3 death yaks (D:8)
  A tengu warrior (D:13)
  Sonja (D:10)
  Pikel (D:6)
  2 deep elf pyromancers (D:13)
  3 ugly things
  A cyclops (D:13)
  A manticore (D:12)
  9 slime creatures
  Maurice (D:11)
  3 gargoyles
  An unseen horror (D:12)
  Maggie (D:6)
  An efreet (D:13)
  A kobold demonologist (D:11)
  A tengu conjurer (D:13)
  3 trolls
  Grinder (D:3)
  Sigmund (D:5)
  2 shadows
  A wraith (D:12)
  A water elemental (D:14)
  A vampire (D:12)
  2 wyverns
  Eustachio (D:6)
  Grum (D:11)
  13 yaks
  2 steam dragons
  4 vampire mosquitoes
  Edmund (D:5)
  Menkaure (D:5)
  5 water moccasins
  2 acid dragons
  Duvessa (D:5)
  6 orc warriors
  9 ice beasts
  A sky beast (D:6)
  A black bear (D:5)
  An ogre (D:4)
  3 wolves (D:11)
  4 centaurs
  2 kobold brigands
  A phantom (D:5)
  3 bullfrogs
  3 scorpions
  9 wights
  Dowan (D:5)
  14 howler monkeys
  4 electric eels
  Crazy Yiuf (D:3)
  7 orc priests
  3 sleepcaps
  A gnoll bouda (D:8)
  5 hounds
  A jelly (D:6)
  Jessica (D:2)
  10 orc wizards
  3 iguanas (D:6)
  Robin (D:4)
  11 adders
  23 gnolls
  A shadow imp (D:6)
  A white imp (D:7)
  An ufetubus (D:5)
  2 worms
  3 dart slugs
  53 orcs
  4 ball pythons
  2 endoplasms
  2 giant cockroaches
  10 goblins
  13 hobgoblins
  12 jackals
  17 kobolds
  2 quokkas (D:2)
  4 bats
  7 rats
358 creatures vanquished.

Vanquished Creatures (collateral kills)
  A yak (D:8)
1 creature vanquished.

Vanquished Creatures (others)
  2 fungi (D:4)
  8 plants
10 creatures vanquished.

Grand Total: 369 creatures vanquished

Notes
Turn   | Place    | Note
-------+----------+-------------------------------------------
     0 | D:1      | Grim the Minotaur Berserker began the quest for the Orb.
     0 | D:1      | Reached XP level 1. HP: 19/19 MP: 0/0
   399 | D:1      | Reached XP level 2. HP: 26/26 MP: 1/1
   646 | D:1      | Reached skill level 5 in Axes
   745 | D:2      | Reached XP level 3. HP: 31/31 MP: 2/2
   779 | D:2      | Found a faded altar of an unknown god.
   958 | D:2      | Noticed Jessica
   961 | D:2      | Killed Jessica
   962 | D:2      | Reached XP level 4. HP: 39/39 MP: 3/3
  1157 | D:2      | Reached ** piety under Trog
  1774 | D:3      | Noticed Grinder
  1784 | D:3      | Killed Grinder
  1785 | D:3      | Reached XP level 5. HP: 35/45 MP: 4/4
  1785 | D:3      | Reached XP level 6. HP: 39/51 MP: 5/5
  1861 | D:3      | Found a hide-covered altar of Uskayaw.
  2108 | D:3      | Identified the +2 robe of Loss {+Inv rPois rC- Will-}
  2516 | D:3      | Found a runed translucent door.
  2517 | D:3      | Noticed Crazy Yiuf
  2662 | D:3      | Killed Crazy Yiuf
  3063 | D:4      | Reached XP level 7. HP: 41/57 MP: 6/6
  3176 | D:4      | Reached skill level 10 in Axes
  3477 | D:4      | Reached *** piety under Trog
  4081 | D:4      | Reached XP level 8. HP: 64/64 MP: 7/7
  4320 | D:4      | Noticed Robin
  4329 | D:4      | Killed Robin
  4838 | D:5      | Entered Level 5 of the Dungeon
  5109 | D:5      | Noticed Edmund
  5130 | D:5      | Killed Edmund
  5526 | D:5      | Reached **** piety under Trog
  5665 | D:5      | Noticed Sigmund
  5679 | D:5      | Killed Sigmund
  5680 | D:5      | Reached skill level 1 in Evocations
  5680 | D:5      | Reached XP level 9. HP: 72/72 MP: 8/8
  5841 | D:5      | Found a staircase to the Ecumenical Temple.
  5964 | D:5      | Noticed Dowan
  5965 | D:5      | Noticed Duvessa
  5965 | D:5      | Noticed Menkaure
  5972 | D:5      | Killed Dowan
  5977 | D:5      | Killed Duvessa
  5981 | D:5      | Killed Menkaure
  5982 | D:5      | Reached skill level 5 in Fighting
  6178 | D:6      | Noticed Eustachio
  6198 | D:6      | Killed Eustachio
  6337 | D:6      | Noticed Pikel
  6349 | D:6      | Killed Pikel
  6787 | D:6      | Identified the +1 cloak "Anuycw" {Rampage Will+ Int-3
                  | Slay+5}
  6844 | D:6      | Noticed Maggie
  6854 | D:6      | Killed Maggie
  7495 | D:7      | Reached XP level 10. HP: 90/91 MP: 9/9
  8226 | D:7      | Noticed a gargoyle
  8229 | D:7      | Killed a gargoyle
  8230 | D:7      | Reached skill level 10 in Fighting
  8409 | D:7      | HP: 2/93 [electric eel/bolt of electricity (9)]
  8742 | D:8      | Reached skill level 5 in Evocations
  8761 | D:8      | Noticed a death yak
  8762 | D:8      | Noticed a death yak
  8772 | D:8      | Killed a death yak
  8912 | D:8      | Noticed a death yak
  8949 | D:8      | Killed a death yak
  8954 | D:8      | Killed a death yak
  9161 | D:8      | Reached XP level 11. HP: 105/105 MP: 10/10
  9216 | D:8      | Noticed a two-headed ogre
  9224 | D:8      | Killed a two-headed ogre
  9405 | D:8      | Found a staircase to the Lair.
  9660 | D:9      | Noticed a two-headed ogre
  9831 | D:8      | Killed a two-headed ogre
 10619 | D:10     | Entered Level 10 of the Dungeon
 10668 | D:10     | Found Ypaxib's Distillery.
 10699 | D:10     | Noticed a two-headed ogre
 10705 | D:10     | Killed a two-headed ogre
 10851 | D:10     | Found a glowing golden altar of the Shining One.
 11039 | D:10     | Identified the +3 ring mail of Death's Door {rElec rCorr
                  | Int+4}
 11261 | D:10     | Noticed a two-headed ogre
 11268 | D:10     | Killed a two-headed ogre
 11408 | D:10     | Noticed Sonja
 11427 | D:10     | Killed Sonja
 11754 | D:11     | Noticed zx48k's ghost (journeyman GnFi)
 11755 | D:11     | Found a transporter.
 11756 | D:11     | Found a transporter.
 11756 | D:11     | Noticed a frost giant
 11868 | D:11     | Noticed Grum
 11871 | D:11     | Noticed a two-headed ogre
 11873 | D:11     | Killed Grum
 11879 | D:11     | Killed a two-headed ogre
 11880 | D:11     | Reached skill level 5 in Armour
 12109 | D:11     | Noticed a two-headed ogre
 12115 | D:11     | Killed a two-headed ogre
 12116 | D:11     | Reached XP level 12. HP: 90/118 MP: 11/11
 12198 | D:11     | Found Umipp's Weapon Emporium.
 12720 | D:11     | Found a staircase to the Orcish Mines.
 12756 | D:11     | Noticed Maurice
 12764 | D:11     | Killed Maurice
 13203 | D:12     | Noticed a two-headed ogre
 13210 | D:12     | Killed a two-headed ogre
 13437 | D:12     | Noticed a two-headed ogre
 13487 | D:12     | Killed a two-headed ogre
 13728 | D:12     | Noticed Snorg
 13735 | D:12     | Killed Snorg
 13972 | D:12     | Reached skill level 10 in Armour
 14382 | D:13     | Noticed a tengu warrior
 14399 | D:13     | Killed a tengu warrior
 14441 | D:13     | Gained mutation: You are clumsy. (Dex -2) [potion of
                  | mutation]
 14441 | D:13     | Gained mutation: Your muscles are strong. (Str +4, Int/Dex
                  | -1) [potion of mutation]
 14442 | D:13     | Lost mutation: You are clumsy. (Dex -2) [potion of
                  | mutation]
 14442 | D:13     | Lost mutation: Your muscles are strong. (Str +4, Int/Dex
                  | -1) [potion of mutation]
 14442 | D:13     | Gained mutation: Your movements are slightly less
                  | encumbered by armour. (ER -2) [potion of mutation]
 14442 | D:13     | Gained mutation: You have very sharp teeth. [potion of
                  | mutation]
 14442 | D:13     | Gained mutation: You have a somewhat thin skeletal
                  | structure. (Dex +2, Stealth+) [potion of mutation]
 14442 | D:13     | Gained mutation: Your mind is acute. (Int +4, Str/Dex -1)
                  | [potion of mutation]
 14555 | D:13     | Reached skill level 10 in Evocations
 14739 | D:13     | Found a gate to the Vaults.
 14739 | D:13     | Noticed a vault guard
 14739 | D:13     | Noticed a vault guard
 14739 | D:13     | Noticed a vault guard
 14739 | D:13     | Noticed a vault guard
 14779 | D:13     | Killed a vault guard
 14785 | D:13     | Killed a vault guard
 14853 | D:13     | Killed a vault guard
 14925 | D:13     | Noticed a boulder beetle
 14929 | D:13     | Noticed a vault guard
 14932 | D:13     | Noticed a vault guard
 14936 | D:13     | Noticed a vault guard
 14938 | D:13     | Killed a vault guard
 14939 | D:13     | Reached XP level 13. HP: 125/125 MP: 12/12
 16024 | D:14     | Found a broken altar of Ashenzari.
 16719 | D:14     | Noticed Nessos
 16737 | D:14     | HP: 4/125 [Nessos/arrow (16)]
 16737 | D:14     | Shot with an arrow by Nessos

Illustrated notes

Levels and vault maps discovered:
D:1:      shiori_arrival_elements, layout_basic
D:2:      layout_basic, hellmonk_ecumenical_altar_crossroads,
          kennysheep_minor_cross, uniq_jessica
D:3:      layout_basic, general_overflow_altar, uniq_grinder,
          uniq_crazy_yiuf_cottage
D:4:      lemuel_castle_with_subvaults [lemuel_castle_interior_carwin_2],
          layout_basic, kennysheep_crisscross, uniq_robin
D:5:      layout_cave_pods, temple_hall_moat, uniq_edmund, uniq_menkaure,
          uniq_duvessa, uniq_sigmund
D:6:      layout_loops_ring, uniq_pikel, uniq_eustachio, uniq_maggie
D:7:      layout_basic, serial_bayou, serial_bayou_shore_b, serial_bayou_ford_a,
          serial_bayou_pond_a, serial_bayou_pond_a, minmay_small_thing
D:8:      layout_basic, dpeg_lair_monsters, minmay_stone_trees_small,
          minmay_liquid_box, serial_bayou_crossing
D:9:      layout_cave_pools
D:10:     layout_roguey, tso_metal_star, serial_shops,
          nicolae_shop_temple_entry_statues_fountains, st_stairs_1, uniq_sonja
D:11:     layout_long_grid, david_orc_4, gammafunk_ghost_arena, serial_shops,
          shop, uniq_grum, uniq_maurice
D:12:     layout_gridville, uniq_snorg
D:13:     layout_irregular_city, erik_vaults_2, billiards_dpeg
D:14:     minmay_twisted_water, layout_cave_pools, abandoned_shop,
          cheibrodos_ashenzari_chains, uniq_nessos

Skill      XL: |  1  2  3  4  5  6  7  8  9 10 11 12 13 |
---------------+----------------------------------------+-----
Axes           | 4 5 8 9 11 14 | 14.1
Fighting       | 4 9 12 14 | 14.9
Evocations     | 1 4 6 8 10 | 10.8
Armour         | 6 11 13 | 13.6
Dodging        | |  2.1

Action                     |  1- 3 |  4- 6 |  7- 9 | 10-12 | 13-15 || total
---------------------------+-------+-------+-------+-------+-------++-------
  Melee: Hand axe          |    42 |   129 |   359 |    27 |       ||   557
         Headbutt          |    10 |    20 |    61 |    65 |    21 ||   177
         Punch             |       |     2 |    10 |       |       ||    12
         Battleaxe         |       |       |       |   347 |    91 ||   438
         Bite              |       |       |       |     8 |    14 ||    22
  Throw: Dart              |       |     6 |     1 |     6 |     1 ||    14
 Invoke: Berserk           |     3 |     4 |    12 |    21 |     3 ||    43
         Trog's Hand       |       |       |     6 |     4 |       ||    10
         Brothers in Arms  |       |       |       |     1 |       ||     1
  Evoke: Wand              |       |       |       |     5 |     6 ||    11
         Phial of floods   |       |       |       |     1 |       ||     1
    Use: Potion            |       |       |       |     4 |       ||     4
         Scroll            |       |       |       |    17 |     1 ||    18
 Armour: Ring mail         |    14 |    30 |    64 |   151 |    66 ||   325
  Dodge: Dodged            |    24 |    83 |   181 |   285 |    83 ||   656

Table legend: (Time is in decaauts)
 A = Elapsed time spent in this place.
 B = Non-inter-level travel time spent in this place.
 C = Inter-level travel time spent in this place.
 D = Time resting spent in this place.
 E = Time spent auto-exploring this place.
 F = Levels seen in this place.
 G = Mean time per level.
                   A        B        C        D        E       F      G
               +--------+--------+--------+--------+--------+-----+--------+
         Total |  17004 |  16547 |    457 |   5737 |   8571 |  14 | 1214.6 |
       Dungeon |  17004 |  16547 |    457 |   5737 |   8571 |  14 | 1214.6 |
               +--------+--------+--------+--------+--------+-----+--------+

Top non-repeatable levels by time:
    D:13: 2360 daAuts
     D:4: 1970 daAuts
     D:7: 1593 daAuts
    D:11: 1353 daAuts
     D:5: 1303 daAuts
     D:8: 1295 daAuts
    D:12: 1230 daAuts
     D:3: 1187 daAuts
    D:10: 1151 daAuts
     D:2: 1015 daAuts
     D:6: 965 daAuts
     D:1: 733 daAuts
     D:9: 703 daAuts
    D:14: 139 daAuts
